[Event "Championnat d'Europe Rapide"]
[Date "2024.12.07"]
[White "Navara, David"]
[Black "Alonso Rosell, Alvar"]
[WhiteElo "2665"]
[BlackElo "2532"]
[Round "4.1"]
[Result "1-0"]
[TimeControl "900+10"]

1. e4 e5 2. Nf3 Nc6 3. Bb5 a6 4. Ba4 Nf6 5. O-O d6 6. c3 Bd7 7. Re1 g6 8. d4 Bg7 9. h3 O-O 10. Bc2 Nh5 11. a4 Kh8 12. Na3 Qe8 13. Nc4 Rd8 14. Be3 b6 15. Qe2 exd4 16. Nxd4 Qe7 17. Nf5 Bxf5 18. exf5 d5 19. Qf3 Qh4 20. g4 Nf6 21. Kg2 h6 22. Bf4 Nh7 23. Bxc7 Ng5 24. Bxd8 Rxd8 25. Qg3 Qxg3+ 26. Kxg3 dxc4 27. f4 Rd2 28. Re8+ Kh7 29. Rc1 b5 30. fxg5 hxg5 31.
fxg6+ fxg6 32. Bxg6+ Kxg6 33. Re6+ Kf7 34. Rxc6 Rd3+ 35. Kg2 Rd2+ 36. Kf3 Rxb2 37. Rxa6 b4 38. cxb4 Rxb4 39. Ke4 c3+ 40. Kf5 Rc4 41. Ra7+ Kg8 42. Kxg5 Rc5+ 43. Kg6 Rc6+ 44. Kf5 Bd4 45. Rd7 Be3 46. Rc2 Rc4 47. Rd3 Bd2 48. Rdxd2 cxd2 49. Rxd2 Rxa4 50. Rd5 Kf7 51. h4 Ra1 52. h5 Ra7 53. h6 Kg8 54. Kg6 Ra6+ 55. Kh5 Kh7 56. g5 Ra8 57. g6+ Kh8 58. h7 Kg7 59. Rd7+ Kh8 60. Kh6 1-0

[Site "Europe Echecs"]

[Event "Championnat d'Europe Rapide"]
[Date "2024.12.07"]
[White "Guliyev, Namig"]
[Black "Van Foreest, Jorden"]
[WhiteElo "2484"]
[BlackElo "2677"]
[Round "4.2"]
[Result "0-1"]
[TimeControl "900+10"]

1. e4 e5 2. Nf3 Nc6 3. Bb5 a6 4. Ba4 Nf6 5. O-O Be7 6. Re1 b5 7. Bb3 O-O 8. d4 Nxd4 9. Nxd4 exd4 10. e5 Ne8 11. Qxd4 d6 12. c4 dxe5 13. Qxe5 Bf6 14. Qd5 Qxd5 15.
cxd5 a5 16.
Nc3 a4 17.
Bc2 Nd6 18.
Rb1 Bb7 19.
Bf4 a3 20.
Bxd6 cxd6 21. Nxb5 axb2 22. Nxd6 Bxd5 23. Be4 Bxa2 24. Rbd1 Rad8 25. g3 b1=Q 0-1

[Site "Europe Echecs"]

[Event "Championnat d'Europe Rapide"]
[Date "2024.12.07"]
[White "Baidetskyi, Valentin"]
[Black "Deac, Bogdan-Daniel"]
[WhiteElo "2519"]
[BlackElo "2696"]
[Round "4.3"]
[Result "1/2-1/2"]
[TimeControl "900+10"]

1. e4 e5 2.
Bc4 Nf6 3.
d3 Nc6 4.
Nf3 Bc5 5.
Bg5 h6 6.
Bh4 Be7 7.
Bg3 d6 8. a4 g6 9. Nc3 O-O 10. h3 Be6 11. O-O Bxc4 12.
dxc4 b6 13.
Bh2 a5 14.
Ne1 Kg7 15.
Nd3 Nd7 16.
f4 exf4 17.
Bxf4 Bg5 18.
Nd5 Nce5 19.
b3 c6 20.
Ne3 Qe7 21.
Qe1 Kh7 22.
Rd1 Nc5 23.
Nxc5 dxc5 24. Qg3 Rae8 25. Bxg5 Qxg5 26. Qxg5 hxg5 27.
Rd6 Rd8 28.
Rfd1 Rxd6 29. Rxd6 Re8 30. Kf2 Kg7 31. Ng4 Nxg4+ 32. hxg4 Re6 33. Rxe6 fxe6 34. e5 1/2-1/2

[Site "Europe Echecs"]

[Event "Championnat d'Europe Rapide"]
[Date "2024.12.07"]
[White "Beerdsen, Thomas"]
[Black "Motylev, Alexander"]
[WhiteElo "2502"]
[BlackElo "2596"]
[Round "4.4"]
[Result "1/2-1/2"]
[TimeControl "900+10"]

1. e4 c5 2.
Nf3 d6 3. d4 cxd4 4. Nxd4 Nc6 5. Nc3 a6 6. Bc4 e6 7. Be3 Bd7 8. Qe2 Rc8 9. Nxc6 Rxc6 10. O-O Nf6 11. f4 Qc7 12. Bd3 Be7 13. Bd4 Qa5 14. e5 Qb4 15. Be3 dxe5 16.
fxe5 Ng4 17.
Bd2 h5 18.
Kh1 Qd4 19.
Rae1 Bh4 20.
g3 Be7 21.
Rf4 Qb6 22.
h3 g5 23.
Rff1 Rxc3 24. Bxc3 Bc6+ 25. Be4 Bxe4+ 26. Qxe4 Nf2+ 27. Rxf2 Qxf2 28. Qxb7 Qxg3 29. Qc8+ Bd8 30. Qc6+ Kf8 31. Qg2 Qxg2+ 32. Kxg2 Kg7 33. Bd4 f5 34. exf6+ Bxf6 35. Re4 Rd8 36. Be3 Bxb2 37. Rxe6 Rc8 38. Bxg5 Rxc2+ 39. Kf3 Rc3+ 40. Re3 Kg6 41. Rxc3 Bxc3 42. Bd8 Kf5 43. Bc7 Bd4 [Site "Europe Echecs"]

[Event "Championnat d'Europe Rapide"]
[Date "2024.12.07"]
[White "Jobava, Baadur"]
[Black "Janik, Igor"]
[WhiteElo "2578"]
[BlackElo "2515"]
[Round "4.5"]
[Result "1-0"]
[TimeControl "900+10"]

1. c4 Nf6 2.
b3 g6 3. Bb2 Bg7 4. g3 c6 5. Bg2 d5 6. Nf3 O-O 7. O-O Bg4 8. d3 Bxf3 9. Bxf3 e6 10. e3 Nbd7 11. Bg2 Ne8 12. d4 f5 13. Nd2 Nd6 14. Ba3 Nf6 15. Nf3 Re8 16. Ne5 Nf7 17. Nd3 Ne4 18. Bb2 Rc8 19. Rc1 a6 20. Qe2 h5 21. Ne5 Nxe5 22.
dxe5 Qa5 23.
f3 Ng5 24.
Bc3 Qb6 25.
Bd4 Qa5 26.
Rfd1 Bf8 27.
c5 Bg7 28.
b4 Qc7 29.
a4 Nf7 30.
f4 h4 31. g4 Nh6 32. g5 Nf7 33. Qe1 h3 34. Bxh3 Bf8 35. Bf1 Be7 36. h4 Kg7 37. b5 axb5 38. axb5 cxb5 39. Bxb5 Rh8 40. Be2 Nd8 41. Rd2 Nc6 42. Rb2 Ra8 43. Rcb1 Ra7 44.
Kg2 Bd8 45.
Kg3 Kf8 46.
Bc3 Qe7 47.
Rb5 Ra3 48.
Qc1 Ra7 49.
Ra1 Qh7 50.
h5 gxh5 51.
Rxa7 Nxa7 52. Rb1 h4+ 53. Kh3 Qg7 54. Qa3 Nc6 55. Qa8 Kf7 56. Qxb7+ 1-0

[Site "Europe Echecs"]

[Event "Championnat d'Europe Rapide"]
[Date "2024.12.07"]
[White "Safarli, Eltaj"]
[Black "Muradli, Mahammad"]
[WhiteElo "2610"]
[BlackElo "2588"]
[Round "4.6"]
[Result "1-0"]
[TimeControl "900+10"]

1. e4 c5 2.
Nc3 d6 3. Nf3 a6 4. g3 Nc6 5. d4 cxd4 6. Nxd4 Bd7 7. Bg2 Nf6 8. O-O e6 9. Nxc6 Bxc6 10. a4 Be7 11. Be3 O-O 12. a5 Nd7 13. Na4 Rc8 14. Re1 Bxa4 15. Rxa4 Qc7 16. c3 Ne5 17. Bb6 Qd7 18. Ra2 Bd8 19. Bd4 Nc6 20. Bc5 Be7 21. f4 Qc7 22. Bb6 Qb8 23. b4 Bd8 24. Bf2 Bc7 25. Qd3 Rfd8 26. Rd1 Ne7 27. f5 e5 28. f6 gxf6 29. Qf3 f5 30. exf5 f6 31. Qh5 Rf8 32. Re2 b6 33. Re4 Rf7 34. Rg4+ Rg7 35. Rxg7+ Kxg7 36. Be3 Kh8 37. Qf7 Ng8 38. Bh6 1-0

[Site "Europe Echecs"]

[Event "Championnat d'Europe Rapide"]
[Date "2024.12.07"]
[White "Subelj, Jan"]
[Black "Korobov, Anton"]
[WhiteElo "2526"]
[BlackElo "2629"]
[Round "4.7"]
[Result "1/2-1/2"]
[TimeControl "900+10"]

1. e4 c5 2.
Nf3 d6 3. h3 Nf6 4. Nc3 Nc6 5. Bb5 Bd7 6. O-O e6 7. Re1 Be7 8. Bxc6 Bxc6 9. d4 O-O 10. d5 exd5 11.
exd5 Bd7 12.
a4 Re8 13.
Bf4 Qb6 14.
Qd3 c4 15.
Qd2 h6 16.
a5 Qb4 17.
Ne4 Qxd2 18.
Nfxd2 Nxd5 19. Bxd6 c3 20. bxc3 Bc6 21. c4 Nb4 22. Bxb4 Bxb4 23. c3 Bf8 24. Ng3 Rxe1+ 25. Rxe1 Rd8 26. Nb3 Rd3 27. Nd4 Rxc3 28. Nxc6 bxc6 29. Re8 Ra3 30. Nf5 f6 31. Nd4 Rxa5 32. Nxc6 Ra1+ 33. Kh2 Kf7 34. Rd8 Bc5 35. Kg3 Ra2 36. Rd7+ Ke6 37. Rxg7 a5 38. f3 a4 39. Kf4 Bd6+ 40. Ke4 f5+ 41. Kd3 a3 42. Nd4+ Kf6 43. Ra7 Bb4 44. Ra6+ Kg5 45. Nc2 Be7 46. g3 f4 47. h4+ Kh5 48. Ra5+ Kg6 49. h5+ Kf7 50. gxf4 Rb2 51. Ra7 Ke8 52. Ra8+ Kf7 53. Ra7 Ke8 54. Ra8+ Kf7 55. Ra7 1/2-1/2

[Site "Europe Echecs"]

[Event "Championnat d'Europe Rapide"]
[Date "2024.12.07"]
[White "Pultinevicius, Paulius"]
[Black "Peyrer, Konstantin"]
[WhiteElo "2579"]
[BlackElo "2440"]
[Round "4.8"]
[Result "1-0"]
[TimeControl "900+10"]

1. d4 Nf6 2.
c4 e6 3. Nc3 Bb4 4. e3 c5 5. Bd3 d5 6. a3 Bxc3+ 7. bxc3 dxc4 8. Bxc4 Qc7 9. Ba2 O-O 10. Ne2 b5 11. f3 Nc6 12. O-O Rd8 13. Rf2 e5 14. Bb2 Be6 15. Bxe6 fxe6 16. Qb3 c4 17. Qc2 Nd5 18. Qe4 Qd6 19. Rd1 a5 20. Bc1 exd4 21.
cxd4 b4 22.
Qc2 Nb6 23.
e4 Rac8 24.
Rff1 e5 25.
d5 Na7 26.
axb4 axb4 27. f4 b3 28. Qc3 Nb5 29. Qg3 exf4 30. Rxf4 c3 31. e5 c2 32. Rdf1 Qxd5 33. Rf7 Qxf7 34. Rxf7 Kxf7 35. Qxb3+ Rd5 36. Nf4 Rcc5 37. Nxd5 Nxd5 38. Qh3 Ne7 39. e6+ Kg8 40. Qh4 Rc7 41. Qb4 Rb7 42. Qc4 Nc7 43. Qe4 Rb6 44. Qd4 Ncd5 45. Bb2 Rxb2 46. Qxb2 Nb4 47. Kf1 Ned5 48. g3 g6 49. Ke2 Kf8 50. Kd2 Ke7 51. Qg7+ Kxe6 52. Qxh7 Ne7 53. h4 c1=Q+ 54. Kxc1 Nd3+ 55.
Kd2 Ne5 56. Ke3 Nf7 57. g4 Nd5+ 58. Kf2 Ne7 59. Kg3 Kf6 60. Kh3 Ne5 61. Qh8+ Ke6 62. Qg7 Nd7 63. h5 gxh5 64. gxh5 Nf6 65. h6 Nf5 66. Qg6 Ne7 67. Qc2 Nf5 68. Qc8+ Ke5 69. h7 Nxh7 70. Qc7+ 1-0

[Site "Europe Echecs"]

[Event "Championnat d'Europe Rapide"]
[Date "2024.12.07"]
[White "Larkin, Vladyslav"]
[Black "Sargissian, Gabriel"]
[WhiteElo "2449"]
[BlackElo "2628"]
[Round "4.9"]
[Result "0-1"]
[TimeControl "900+10"]

1. d4 d5 2.
Bf4 Bf5 3.
c4 e6 4. Nc3 Nf6 5. e3 Bb4 6. Qb3 c5 7. a3 Qa5 8. Rc1 Bxc3+ 9.
bxc3 O-O 10.
Nf3 Nc6 11.
Bd6 Rfc8 12.
cxd5 exd5 13. Bxc5 Qc7 14. a4 Na5 15. Qa2 b6 16. Bb4 Nc4 17. Bxc4 dxc4 18. O-O Nd5 19. Ba3 Re8 20. Rfe1 Rac8 21. a5 Be4 22. Nd2 Bd3 23. axb6 axb6 24. Qb2 Qc6 25. Nf1 Re6 26. Qd2 Rce8 27. Ra1 h5 28. h4 Rg6 29. Ng3 Nf6 30. Qd1 Be4 31. Nxe4 Qxe4 32. f3 Qxh4 33. Qd2 Nd5 34. Qf2 Qh3 35. Ra2 Nf4 36. Qf1 Qh4 37. e4 Nh3+ 38. Kh1 Ng5+ 39. Kg1 Nxf3+ 40. Qxf3 Qxe1+ 41. Kh2 Qh4+ 42. Kg1 Rxe4 0-1

[Site "Europe Echecs"]

[Event "Championnat d'Europe Rapide"]
[Date "2024.12.07"]
[White "Fressinet, Laurent"]
[Black "Kalezic, Blazo"]
[WhiteElo "2588"]
[BlackElo "2382"]
[Round "4.10"]
[Result "0-1"]
[TimeControl "900+10"]

1. d4 d5 2.
Nf3 Nf6 3.
g3 Bf5 4. c4 c6 5. Nc3 e6 6. Qb3 Qb6 7. c5 Qc7 8. Bf4 Qc8 9. Nh4 Bg6 10. Bg2 Be7 11. O-O Nbd7 12.
Nxg6 hxg6 13. Qc2 O-O 14. b4 a6 15. a4 Re8 16. Rfd1 Bd8 17. e4 dxe4 18. Bxe4 Nd5 19. Nxd5 exd5 20. Bf3 Nf8 21. h4 Bf6 22. Kg2 Qf5 23. Qxf5 gxf5 24. Be3 Ne6 25. Rab1 g6 26. Rd2 Kg7 27. Bd1 f4 28. gxf4 Bxh4 29. b5 axb5 30. axb5 Bd8 31. Kf3 Bc7 32. bxc6 bxc6 33. Rb7 Rh8 34. Bc2 f5 35. Re2 Kf6 36. Rb4 Rh2 37. Re1 Ra2 38. Rc1 Rh3+ 39. Kg2 Rh4 40. Ra4 Rb2 41. Bd1 Bxf4 42. Rc2 Rb1 43. Rd2 Bc7 44. Rd3 f4 45. Ra6 fxe3 46. Rxc6 Rh2+ 47. Kf3 exf2 48. Ke2 Rb2+ 0-1

[Site "Europe Echecs"]

[Event "Championnat d'Europe Rapide"]
[Date "2024.12.07"]
[White "Paichadze, Luka"]
[Black "Lagarde, Maxime"]
[WhiteElo "2532"]
[BlackElo "2600"]
[Round "4.11"]
[Result "0-1"]
[TimeControl "900+10"]

1. e4 e6 2.
d4 d5 3.
exd5 exd5 4.
Nf3 Nf6 5.
Bd3 c5 6.
O-O c4 7.
Re1+ Be7 8.
Bf1 O-O 9.
b3 cxb3 10.
axb3 Nc6 11.
h3 Ne4 12.
c4 Be6 13.
Ba3 Bxa3 14.
Rxa3 Qf6 15.
cxd5 Bxd5 16. Bc4 Qd6 17. Ne5 Nf6 18. Ra2 Rfe8 19. Rd2 Rad8 20. Nc3 Bxc4 21. Nxc4 Rxe1+ 22. Qxe1 Qb4 23. d5 Ne7 24. d6 Ng6 25. Ne4 b5 26. Nxf6+ gxf6 27. Nb2 Qxb3 28. Qe4 Qe6 29. Qd4 Qe1+ 30. Kh2 Qe5+ 31. g3 Qxd4 32. Rxd4 Ne5 33. Rd5 a6 34. f4 Nd7 35. Nd3 Rc8 36. Nb4 a5 37. Na6 Rc2+ 38. Kg1 b4 39. Rb5 Rd2 40. Nc7 a4 41. Ne8 b3 0-1

[Site "Europe Echecs"]

[Event "Championnat d'Europe Rapide"]
[Date "2024.12.07"]
[White "Pichot, Alan"]
[Black "Kilic, Eray"]
[WhiteElo "2637"]
[BlackElo "2459"]
[Round "4.12"]
[Result "0-1"]
[TimeControl "900+10"]

1. e4 c5 2.
Nf3 d6 3.
Bb5+ Nd7 4.
Ba4 Ngf6 5.
O-O a6 6. c4 g6 7. Nc3 Bg7 8. d3 O-O 9. h3 b6 10. Be3 Bb7 11. Qd2 Nh5 12. Bh6 e5 13. Rab1 f5 14. Bg5 Qc7 15. Bh6 fxe4 16.
dxe4 Bxh6 17. Qxh6 Rxf3 18. gxf3 Rf8 19. Rfe1 Nf4 20. Rbd1 Nf6 21. Kh2 Bc8 22. Rg1 Nxh3 23. Rg3 Nf4 24. Rdg1 Be6 25. Ne2 N6h5 26. Nxf4 Nxf4 27. Bc2 Rf6 28. Re1 Qe7 29. b3 Kh8 30. Re3 g5 31. Qxg5 Qf8 32. Kg1 Rg6 33. Qh4 Rh6 34. Qg5 Rh5 0-1

[Site "Europe Echecs"]

[Event "Championnat d'Europe Rapide"]
[Date "2024.12.07"]
[White "Stankovic, Milos"]
[Black "Georgiev, Kiril"]
[WhiteElo "2462"]
[BlackElo "2537"]
[Round "4.13"]
[Result "0-1"]
[TimeControl "900+10"]

1. d4 Nf6 2.
Nf3 d5 3.
Bf4 c5 4. e3 Nc6 5. Bb5 e6 6. O-O Bd7 7. Nbd2 a6 8. Bxc6 Bxc6 9. Ne5 Rc8 10. Ndf3 Be7 11. dxc5 Bxc5 12. c4 O-O 13. Rc1 dxc4 14.
Nxc6 Rxc6 15. Rxc4 Nd5 16. Qc2 Nxf4 17. exf4 Qe7 18. Ng5 g6 19. b4 Bxb4 20. Rxc6 bxc6 21. Qxc6 a5 22. Rd1 Rd8 23. Rxd8+ Qxd8 24. h4 h6 25. Nf3 Qd1+ 26. Kh2 Bd6 27. Ne5 Bxe5 28. fxe5 Qd2 29. Qa8+ Kg7 30. Qf3 Qd4 31. Qf6+ Kg8 32. Kg3 a4 33. Qf4 Qc3+ 34. Kh2 a3 35. Qe4 Qb2 36. h5 gxh5 37. Qf4 Qxa2 38. Qg3+ Kf8 39. Qh4 Qd2 0-1

[Site "Europe Echecs"]

[Event "Championnat d'Europe Rapide"]
[Date "2024.12.07"]
[White "Magold, Filip"]
[Black "Laurusas, Tomas"]
[WhiteElo "2428"]
[BlackElo "2578"]
[Round "4.14"]
[Result "1-0"]
[TimeControl "900+10"]

1. d4 Nf6 2.
Nf3 d5 3. c4 c6 4. cxd5 cxd5 5. Nc3 Nc6 6. Bf4 e6 7. e3 Be7 8. Bd3 Nh5 9. Be5 f6 10. Bg3 O-O 11. Ng5 fxg5 12. Qxh5 g6 13. Qe2 Nb4 14. Bb1 Bd7 15. a3 Nc6 16. Bd3 Rc8 17. O-O a6 18. Rad1 Bf6 19. Rfe1 Kh8 20. Rc1 Qe7 21. b4 Na7 22. e4 Qf7 23. e5 Bd8 24. Rc2 Nc6 25. Qe3 Ne7 26. Qxg5 Nf5 27. Qf4 g5 28. Qd2 Nxd4 29. Rb2 Nf5 30. Bxf5 Qxf5 31. Ne2 Bb6 32. Nd4 Qg4 33. Nf3 Rf5 34. Kh1 Rxf3 35. gxf3 Qxf3+ 36. Kg1 h6 37. Rc2 Rf8 38. Rc3 Qf5 39. Qc2 Qf7 40. Qd2 Qf5 41. Qc2 Qf7 42. Qd2 Bb5 43. Rec1 Bc4 44. Rxc4 dxc4 45.
Rxc4 Rd8 46. Qe2 Qf5 47. Rc2 Qd3 48. Qxd3 Rxd3 49. Rc8+ Rd8 50. Rc3 Kg7 51. Kf1 h5 52. h4 g4 53. Ke2 Kg6 54. Rc4 Rd7 55. Rc8 Kf5 56. Rg8 Rc7 57. Kd3 Rd7+ 58.
Ke2 Ke4 59. Rh8 Rc7 60. Kd2 Rf7 61. Ke2 Rc7 62. Kd2 Kf3 63. Rf8+ Kg2 64. Rf6 Rc6 65. Kd3 Ba7 66. Rf7 Rc1 67. Rf6 Re1 68. Kd2 Rf1 69. Ke2 Ra1 70.
Rxe6 Ra2+ 71. Kd3 Rxa3+ 72. Ke4 Bxf2 73. Bxf2 Kxf2 74. Rf6+ Ke2 75. e6 Re3+ 76. Kd4 g3 77. Rg6 Kf2 78. Rf6+ Rf3 79. e7 Rxf6 80. e8=Q Rf4+ 81. Kd3 Rxh4 82.
Qe2+ Kg1 83.
Ke3 Rg4 84.
Kf3 g2 85. Qe1+ Kh2 86. Qe5+ Kg1 87. Qc5+ 1-0

[Site "Europe Echecs"]

[Event "Championnat d'Europe Rapide"]
[Date "2024.12.07"]
[White "Fridman, Daniel"]
[Black "Arnaudov, G. Petar"]
[WhiteElo "2571"]
[BlackElo "2401"]
[Round "4.15"]
[Result "1-0"]
[TimeControl "900+10"]

1. Nf3 Nf6 2. g3 d5 3.
Bg2 e6 4.
O-O Be7 5.
d4 O-O 6. c4 a5 7. Qc2 Nbd7 8. Rd1 c6 9. Nbd2 a4 10. e4 Nxe4 11.
Nxe4 dxe4 12. Qxe4 Bf6 13. Bf4 Re8 14. c5 Be7 15. Qc2 Nf6 16. Bg5 h6 17. Bxf6 Bxf6 18. Ne5 Qc7 19. f4 Rd8 20. Rd2 Bd7 21. Nc4 Be8 22. Rad1 Ra6 23. Bf1 g6 24. Qc3 Rd5 25. Ne3 Ra8 26. Nxd5 cxd5 27. b4 b5 28. Qe3 h5 29. Bd3 Kg7 30. h3 Bc6 31. Rh2 Rh8 32. Rdd2 Qb8 33. a3 Bd8 34. Qe5+ Bf6 35. Qxb8 Bxd4+ 36. Kh1 Rxb8 37. Bxb5 Rxb5 38. Rxd4 f6 39. Re2 Kf7 40. g4 hxg4 41. hxg4 g5 42. fxg5 e5 43. Rdd2 d4+ 44. Kg1 Ke6 45. Rxd4 1-0

[Site "Europe Echecs"]

[Event "Championnat d'Europe Rapide"]
[Date "2024.12.07"]
[White "Popovic, Milos T"]
[Black "Kozul, Zdenko"]
[WhiteElo "2334"]
[BlackElo "2519"]
[Round "4.16"]
[Result "1-0"]
[TimeControl "900+10"]

1. d4 Nf6 2.
Bg5 Ne4 3.
Bf4 d5 4. e3 c5 5. Bd3 Nc6 6. Bxe4 dxe4 7. Ne2 Bg4 8. Nbc3 e6 9. dxc5 e5 10. Bg3 f5 11. h3 Bh5 12.
Qxd8+ Rxd8 13. Bh4 Rd7 14. g4 fxg4 15. Ng3 Bg6 16. hxg4 Bxc5 17. Ncxe4 Bb6 18. O-O Nb4 19. Rad1 h6 20. Rxd7 Kxd7 21.
Rd1+ Kc7 22.
Be7 Nc6 23.
Bd6+ Kc8 24.
Nf5 Rd8 25.
Rd3 h5 26.
Rc3 Kd7 27.
f3 hxg4 28.
fxg4 Nd4 29.
exd4 Bxf5 30. gxf5 Bxd4+ 31. Kg2 Bxc3 32.
bxc3 Rc8 33.
Kf3 g6 34.
fxg6 Ke6 35.
g7 Kf7 36.
Bxe5 Rc6 37.
Nd6+ Kg8 38.
Nxb7 Ra6 39.
Nd6 1-0

[Site "Europe Echecs"]

[Event "Championnat d'Europe Rapide"]
[Date "2024.12.07"]
[White "Uruci, Endrit"]
[Black "Livaic, Leon"]
[WhiteElo "2328"]
[BlackElo "2560"]
[Round "4.17"]
[Result "1/2-1/2"]
[TimeControl "900+10"]

1. e4 d6 2. d4 Nf6 3. Nc3 e5 4. dxe5 dxe5 5. Qxd8+ Kxd8 6. Bc4 Ke8 7. Nge2 c6 8. Bg5 Nbd7 9. a4 a5 10. f3 Nb6 11. Bb3 Nfd7 12. O-O-O Be7 13. Be3 Bc5 14. Bxc5 Nxc5 15. Kb1 Ke7 16. Nc1 Be6 17. Bxe6 Kxe6 18. b3 g6 19. Nd3 Nxd3 20. Rxd3 Rhd8 21.
Rhd1 Rxd3 22. Rxd3 Nd7 23. Kc1 Nc5 24. Rd1 f5 25. Kd2 f4 26. Ne2 g5 27. Nc1 g4 28. Ke2 Rg8 29. Nd3 Nxd3 30. Rxd3 h5 31. Kf1 gxf3 32.
Rxf3 Rd8 33.
g3 Rd1+ 34.
Ke2 Rh1 35.
gxf4 Rxh2+ 36. Kd3 exf4 37. Rxf4 h4 38. Rf5 b6 39. Rh5 h3 40. c3 Rh1 41. Kd4 Kf6 42. e5+ Kg6 43. Rh8 Kf5 44. Rf8+ Kg6 45. e6 h2 46. e7 Rd1+ 47. Kc4 Re1 48. Rh8 Re4+ 49. Kd3 Rxe7 50. Rxh2 1/2-1/2

[Site "Europe Echecs"]

[Event "Championnat d'Europe Rapide"]
[Date "2024.12.07"]
[White "Kazakouski, Valery"]
[Black "Dobrikov, Marco"]
[WhiteElo "2567"]
[BlackElo "2407"]
[Round "4.18"]
[Result "1/2-1/2"]
[TimeControl "900+10"]

1. e4 c5 2. Nf3 d6 3. d4 cxd4 4. Nxd4 Nf6 5. Nc3 a6 6. Bd3 e5 7. Nde2 Be7 8. Ng3 O-O 9. O-O Nc6 10. Nd5 Nxd5 11. exd5 Nb8 12. f4 Nd7 13. f5 Bg5 14. Bxg5 Qxg5 15. Ne4 Qe7 16. f6 Nxf6 17. Nxf6+ gxf6 18. Qe1 f5 19. Bxf5 Bxf5 20. Rxf5 f6 21. a4 Rf7 22. Ra3 Rc8 23. Qe2 Qc7 24. Rf2 Kh8 25. c4 Qc5 26. h3 Qd4 27. Rd3 Qb6 28. b3 f5 29. Kh2 a5 30. Rg3 f4 31. Rgf3 Rg8 32. Qb2 Rfg7 33. Rc2 Qc5 34. Re2 b6 35. Qa1 h5 36. Qc3 Rg3 37. Qd3 Qc8 38. Qe4 h4 39. Ref2 Qf8 40. Kg1 R8g5 41. Kf1 Qc8 42. Rxg3 hxg3 43. Re2 Kg7 44. Qf3 Qf5 45. Re4 Qc8 46. Re1 Qc5 47. Re4 Qa3 48. Qc3 Kf7 49. Re2 Rf5 50. Qd3 Kf6 51. Re1 Qb4 52. Re2 Qc5 53. Qf3 Qd4 54. Re4 Qd2 55. Re2 Qd1+ 56. Re1 Qd4 57.
Re4 Qc5 58.
Re1 Qb4 59.
Re4 Rg5 60.
Re2 Qa3 61.
Re1 Qb2 62.
Re2 Qd4 63.
Re4 Qb2 64.
Re2 Qb1+ 65. Re1 Qh7 66. Re4 Qf5 67. Ke2 Qc8 68. Kf1 Qc5 69. Re1 Qd4 70. Re4 Qd2 71. Re2 Qd1+ 72. Re1 Qxf3+ 73. gxf3 Kg6 1/2-1/2

[Site "Europe Echecs"]

[Event "Championnat d'Europe Rapide"]
[Date "2024.12.07"]
[White "Stojanovski, Dejan"]
[Black "Fedoseev, Vladimir"]
[WhiteElo "2407"]
[BlackElo "2709"]
[Round "4.19"]
[Result "1/2-1/2"]
[TimeControl "900+10"]

1. d4 Nf6 2. Nf3 e6 3. Bg5 d5 4. Nbd2 c5 5. e3 h6 6. Bh4 Nbd7 7. c3 Bd6 8. Bd3 O-O 9. O-O e5 10. dxe5 Nxe5 11. Nxe5 Bxe5 12. e4 g5 13. Bg3 Bxg3 14.
hxg3 Bg4 15.
Be2 Bxe2 16.
Qxe2 Re8 17.
e5 Ne4 18.
Nxe4 Rxe5 19. Qh5 dxe4 20. Qxh6 Qf8 21. Qxf8+ Kxf8 22. Rfd1 Ke7 23. Kf1 Rh8 24. Ke2 Rh6 25. c4 f5 26. Rh1 Ree6 27. Rad1 Rxh1 28. Rxh1 Rb6 29. b3 Ke6 30. Rh5 Kf6 31. Rh6+ Ke5 32. Rxb6 axb6 33. Ke3 f4+ 34. gxf4+ gxf4+ 35. Ke2 Kf5 36.
Kd2 Kg5 37.
Ke2 Kh5 38.
Kd2 Kh4 39.
Ke2 Kg4 40.
Kd2 Kf5 41.
Ke2 Kg4 42.
Kd2 Kf5 1/2-1/2

[Site "Europe Echecs"]

[Event "Championnat d'Europe Rapide"]
[Date "2024.12.07"]
[White "Pacher, Milan"]
[Black "Ragger, Markus"]
[WhiteElo "2310"]
[BlackElo "2577"]
[Round "4.20"]
[Result "0-1"]
[TimeControl "900+10"]

1. c4 c5 2. Nc3 g6 3. e3 Bg7 4. d4 Nf6 5. Nf3 cxd4 6. exd4 d5 7. Be2 O-O 8. O-O Nc6 9. Be3 Bg4 10. Ne5 Bxe2 11. Qxe2 Rc8 12. Nxc6 Rxc6 13. c5 Re8 14. b4 Qd7 15. b5 Rcc8 16. a4 Ng4 17. Rad1 e5 18. Qa2 Nxe3 19.
fxe3 Rcd8 20. Kh1 Qg4 21. h3 Qg5 22. c6 bxc6 23. bxc6 exd4 24. exd4 Rc8 25. Nxd5 Rxc6 26. Rde1 Rxe1 27. Rxe1 Rc1 28. Ne7+ Kh8 29. Qf2 Bf8 30. d5 Rxe1+ 31. Qxe1 Qxe7 0-1

[Site "Europe Echecs"]

[Event "Championnat d'Europe Rapide"]
[Date "2024.12.07"]
[White "Djukic, Nikola"]
[Black "Horvath, Dominik"]
[WhiteElo "2493"]
[BlackElo "2542"]
[Round "4.21"]
[Result "0-1"]
[TimeControl "900+10"]

1. e4 e5 2.
Nf3 Nc6 3.
Bb5 a6 4.
Ba4 Nge7 5.
c3 Ng6 6. d4 exd4 7. cxd4 Bb4+ 8. Bd2 O-O 9. Bxc6 Bxd2+ 10.
Qxd2 dxc6 11. O-O Bg4 12. Ne1 Qh4 13. f4 f5 14. e5 Rad8 15. Nc3 Rd7 16. Nc2 Rfd8 17. Qf2 Qxf2+ 18. Rxf2 Nf8 19. Ne3 Rxd4 20. h3 Bh5 21. Nxf5 Rd3 22. Re1 Bf7 23. Ne3 g6 24. g4 Nd7 25. Nf1 Re8 26. Rfe2 Be6 27. Re3 Rxe3 28. Nxe3 Bf7 29. Rd1 Re7 30. Ne4 Kg7 31. a3 Nxe5 32. fxe5 Rxe5 33. Rd7 Rxe4 34. Kf2 Kf8 35. Rxc7 Re7 36. Rc8+ Kg7 37. Rd8 Bb3 38. g5 h6 39. gxh6+ Kxh6 40. Ng4+ Kg7 41. Kg3 g5 42. h4 gxh4+ 43. Kxh4 Kg6 44. Kg3 Bd5 45. Kf2 Rf7+ 46. Ke1 Rh7 47. Kd2 Kf5 48. Ne3+ Ke4 49. Re8+ Kd4 50. Nf5+ Kc4 51. Re3 Rh2+ 52. Kc1 a5 53. Rc3+ Kb5 54. Nd4+ Kb6 55. b4 a4 56. Kb1 Rd2 57. Nf3 Be4+ 58. Kc1 Rf2 59. Ne5 Kc7 60. b5 Rf5 61. b6+ Kxb6 62. Nc4+ Kc7 63. Nd2 Bd5 64. Rg3 b5 65. Kc2 Kb6 66. Kc3 Re5 67. Nf1 Re1 68. Ne3 Rb1 69. Kd4 Rb3 70. Rg6 Ka5 71. Nc2 Rh3 72. Rf6 Bh1 73. Rf8 c5+ 74. Ke5 Rc3 75. Rf2 Bb7 76. Rh2 Bc6 77. Rf2 Be8 78. Kd6 Bg6 79. Ne1 Rxa3 80. Kxc5 Rc3 81. Kd4 Rc4+ 82.
Kd5 a3 83. Kd6 Be4 0-1

[Site "Europe Echecs"]

[Event "Championnat d'Europe Rapide"]
[Date "2024.12.07"]
[White "Dardha, Daniel"]
[Black "Ghimpu, Samuel-Timotei"]
[WhiteElo "2639"]
[BlackElo "2475"]
[Round "4.22"]
[Result "1/2-1/2"]
[TimeControl "900+10"]

1. d4 Nf6 2.
c4 e6 3. Nc3 d5 4. cxd5 Nxd5 5. e4 Nxc3 6. bxc3 c5 7. a3 Be7 8. Bd3 cxd4 9. cxd4 b6 10. Nf3 O-O 11. Qe2 a5 12. O-O Ba6 13. Bxa6 Nxa6 14. Be3 Nb8 15. d5 exd5 16.
Rfd1 Nd7 17.
exd5 Bc5 18.
Bxc5 Nxc5 19. d6 Re8 20. Qb5 Re6 21. Qc6 Rc8 22. Qd5 h6 23. Ne5 Qg5 24. Nc4 Qxd5 25. Rxd5 Nd7 26. Rd4 g6 27. Rb1 Rc6 28. g3 Kf8 29. Kg2 h5 30. h3 Re2 31. Ne3 Ra2 32. Rb3 Kg7 33. Nc4 Rc2 34. Nd2 R6c3 35. Rxc3 Rxc3 36. Ne4 Rxa3 37. Rc4 Rd3 38. Rc7 Nc5 39. Nxc5 bxc5 40. Rxc5 Rxd6 1/2-1/2

[Site "Europe Echecs"]

[Event "Championnat d'Europe Rapide"]
[Date "2024.12.07"]
[White "Grigoriants, Sergey"]
[Black "Hamitevici, Vladimir"]
[WhiteElo "2542"]
[BlackElo "2423"]
[Round "4.23"]
[Result "1/2-1/2"]
[TimeControl "900+10"]

1. e4 c5 2.
Nf3 d6 3.
Bb5+ Nd7 4.
c3 Ngf6 5.
Bd3 Ne5 6.
Bc2 Nxf3+ 7.
Qxf3 e5 8.
Ba4+ Bd7 9.
Bxd7+ Qxd7 10. d3 Be7 11. c4 Bd8 12. O-O O-O 13. Nc3 Ba5 14. Ne2 Qg4 15. Qe3 Ne8 16. f4 f5 17. h3 Qg6 18. fxe5 dxe5 19. exf5 Rxf5 20. Rxf5 Qxf5 21. Ng3 Qe6 22. Bd2 Bxd2 23. Qxd2 Rd8 24. Re1 Qxc4 25. dxc4 Rxd2 26. Rxe5 Kf8 27. Rf5+ Ke7 28. Rf2 1/2-1/2

[Site "Europe Echecs"]

[Event "Championnat d'Europe Rapide"]
[Date "2024.12.07"]
[White "Stanojoski, Zvonko"]
[Black "Grigorov, Grigor"]
[WhiteElo "2401"]
[BlackElo "2497"]
[Round "4.24"]
[Result "1/2-1/2"]
[TimeControl "900+10"]

1. e4 c6 2.
d4 d5 3.
exd5 cxd5 4.
Bd3 Nc6 5.
c3 e5 6.
dxe5 Nxe5 7.
Nf3 Nxd3+ 8.
Qxd3 Bd6 9.
O-O Ne7 10.
Bg5 O-O 11.
Bxe7 Bxe7 12. Nbd2 Qb6 13. Nb3 a5 14. Rfe1 Bf6 15. Re2 a4 16. Nbd4 Bg4 17. Rd2 Rfe8 18. a3 Rad8 19. h3 Bh5 20. Qb5 Qa7 21. Re1 Rxe1+ 22. Nxe1 Bg5 23. Rd3 Bg6 24. Rd1 Bf6 25. Nec2 h6 26. Nb4 Bh5 27. g4 Bg6 28. Nxd5 Bh4 29. Re1 Kh7 30. Re8 Qb8 31. Rxd8 Qxd8 32. Qxb7 Bd3 33. Nf4 Bc4 34. Qe4+ Kg8 35. Ng2 Bg5 36. Ne3 Ba6 37. Nef5 g6 38. Ne3 Qb8 39. Nd1 Bb7 40. Qe2 Qd8 41. Qe5 Bf6 42. Qb5 Qe7 43. Qe2 Qd7 44. Ne3 Bxd4 45. cxd4 Qxd4 46. Qc2 Qf6 47. Kf1 Ba6+ 48. Ke1 Qf3 49. h4 Qh1+ 50. Kd2 Qxh4 51. Kc3 Qf6+ 52. Kb4 Qb6+ 53. Kc3 Qc5+ 54.
Kd2 Qd4+ 55.
Kc1 Qf4 56.
Qd2 h5 57.
gxh5 gxh5 58. Qa5 Be2 59. Qf5 Qxf5 60. Nxf5 Bd3 61. Nh4 Kg7 62. Kd2 Bb5 63. Kc3 Kf6 64. f4 Be2 65. b3 axb3 66. Kxb3 Ke6 67. Kc3 Kd5 68. Kd2 Bg4 69. Ke3 Bd7 70. Nf3 f6 71. Nh4 Bc6 72. Kd3 Bb5+ 73. Ke3 Bd7 74. Kd3 Bc8 1/2-1/2

[Site "Europe Echecs"]